 Dungeon Crawl Stone Soup version 0.20.0-15-g7f486f2 (webtiles) character file.

1943 Peloso the Carver (level 8, 0/71 HPs)
             Began as a Minotaur Fighter on June 14, 2017.
             Was a Follower of Okawaru.
             Slain by a hound (1 damage)
             ... on level 7 of the Dungeon.
             The game lasted 00:28:11 (6089 turns).

Peloso the Carver (Minotaur Fighter)                Turns: 6089, Time: 00:28:14

Health: 0/71       AC: 10    Str: 25    XL:     8   Next: 98%
Magic:  7/7        EV:  7    Int:  5    God:    Okawaru [*.....]
Gold:   358        SH: 11    Dex: 12    Spells: 7/7 levels left

rFire    . . .     SeeInvis +   a - +0 long sword
rCold    . . .     Gourm    .   c - +0 shield
rNeg     . . .     Faith    .   p - +0 chain mail
rPois    .         Spirit   .   (helmet restricted)
rElec    .         Reflect  .   (no cloak)
rCorr    .         Harm     .   (no gloves)
MR       .....                  (no boots)
Stlth    ..........             x - amulet of magic regeneration
Regen    0.3/turn               C - ring of see invisible
MPRegen  0.2/turn               r - +4 ring of strength

@: lethally poisoned (0 -> -2), about to teleport
A: retaliatory headbutt, horns 2
a: Heroism, Renounce Religion


You were on level 7 of the Dungeon.
You worshipped Okawaru.
Okawaru was aware of your devotion.
You were not hungry.

You visited 2 branches of the dungeon, and saw 8 of its levels.
You also visited: Sewer.

You collected 358 gold pieces.

Inventory:

Hand Weapons
 a - a +0 long sword (weapon)
Armour
 c - a +0 shield (worn)
 p - a +0 chain mail (worn)
Jewellery
 m - a +2 ring of protection
 r - a +4 ring of strength (right hand)
 u - an uncursed ring of protection from fire
 x - an amulet of magic regeneration (around neck)
 C - a ring of see invisible (left hand)
Wands
 w - a wand of random effects (21/48)
 B - a wand of clouds (4/9)
 E - a wand of flame (42/48)
Scrolls
 b - a scroll of magic mapping {unknown}
 e - 3 scrolls of blinking {unknown}
 g - 4 scrolls of identify
 h - 2 scrolls of fear {unknown}
 i - a scroll of fog {unknown}
 k - a scroll of immolation {unknown}
 n - a scroll of amnesia {unknown}
 o - a scroll of recharging {unknown}
 q - a scroll of enchant weapon {unknown}
 s - 4 scrolls of teleportation
 y - 3 scrolls of remove curse
Potions
 d - a potion of might
 z - a potion of magic
 D - 2 potions of brilliance
 F - a potion of cancellation
Comestibles
 f - 5 bread rations
 j - 2 fruits
 l - 3 meat rations
 v - 4 chunks of flesh
 A - 2 royal jellies


   Skills:
 + Level 6.4 Fighting
 + Level 9.3 Long Blades
 + Level 6.6 Armour
 + Level 1.4 Dodging
 + Level 1.2 Stealth
 + Level 7.4 Shields
 + Level 1.0 Evocations


You had 7 spell levels left.
You didn't know any spells.

Dungeon Overview and Level Annotations

Branches:
Dungeon (7/15)             Temple (1/1) D:4

Altars:
Ashenzari
Cheibriados
Dithmenos
Elyvilon
Fedhas
Gozag
Hepliaklqana
Kikubaaqudgha
Makhleb
Okawaru
Ru
Trog
Uskayaw
Vehumet
Xom
Yredelemnul
Zin
The Shining One

Shops:
D:4 *


Innate Abilities, Weirdness & Mutations

You reflexively headbutt those who attack you in melee.
You have a pair of horns on your head.


Message History

You kill the killer bee!
Okawaru accepts your kill. The hound barely misses you.
You block the killer bee's attack. x2
The hound barely misses you.
You riposte.
You barely miss the hound.
The killer bee stings you but does no damage.
You miss the killer bee.
The killer bee is heavily wounded.
You feel sick. You block the killer bee's attack. The killer bee stings you.
* * * LOW HITPOINT WARNING * * *
You block the killer bee's attack. The hound bites you but does no damage.
Unknown command.
Okay, then.
The killer bee buzzes angrily.
The killer bee barely misses you. You block the killer bee's attack.
The killer bee barely misses you.
You riposte.
Your chain mail prevents you from hitting the killer bee.
The killer bee is heavily wounded.
The hound pauses to sniff the ground.
The hound bites you.
You die...

##....### #.................
#.......####................#
#...#.......................#
#.####........y.............#
## #.....###..............##
##.....###[...##.).....##
#.......##...####.....##
###......#...# ##....###
##......y@## #......###
###....hy# #........##
###....# #..##....... ##...#
#..###...... ##..# ...#
#.....# #### +### ##..... #
#....[ ..###..... .........


You could see a hound and 3 killer bees.

Vanquished Creatures
  The ghost of loom the Thaumaturge, a novice GrEE of Vehumet (D:6)
  2 phantoms (D:5)
  2 ogres
  3 bullfrogs
  3 scorpions
  A killer bee (D:7)
  An electric eel (D:6)
  2 crimson imps
  The ghost of Serafim the Ruffian, a weakling VSTm (D:4)
  An orc priest (D:6)
  2 hounds
  2 iguanas
  2 orc wizards (D:5)
  A worker ant (D:4)
  A hound skeleton (D:5)
  Robin (D:4)
  4 gnolls (D:6)
  17 adders
  A shadow imp (D:6)
  9 oozes
  An adder zombie (D:6)
  4 worms
  3 dart slugs
  15 leopard geckos
  9 orcs
  4 bats
  16 giant cockroaches
  10 goblins
  10 hobgoblins
  6 jackals
  6 kobolds
  3 quokkas
  21 ball pythons
  A ball python zombie (D:5)
  13 frilled lizards
  A leopard gecko zombie (D:5)
  8 rats
188 creatures vanquished.

Notes
Turn   | Place    | Note
-------+----------+-------------------------------------------
     0 | D:1      | Peloso the Minotaur Fighter began the quest for the Orb.
     0 | D:1      | Reached XP level 1. HP: 19/19 MP: 0/0
   116 | D:1      | Reached XP level 2. HP: 24/27 MP: 1/1
   499 | D:2      | Reached skill level 3 in Long Blades
   499 | D:2      | Reached XP level 3. HP: 33/33 MP: 2/2
   786 | D:2      | Reached XP level 4. HP: 41/41 MP: 3/3
  1547 | D:3      | Reached skill level 1 in Dodging
  1660 | D:3      | You fall through a shaft for 2 floors!
  1660 | D:5      | Entered Level 5 of the Dungeon
  1687 | D:4      | Noticed Serafim's ghost (weakling VSTm)
  1701 | D:4      | Killed Serafim's ghost
  1701 | D:4      | Reached skill level 4 in Long Blades
  1701 | D:4      | Reached XP level 5. HP: 42/47 MP: 4/4
  1762 | D:3      | Found a glowing drain.
  1798 | Sewer    | Entered a sewer
  2101 | Sewer    | Reached skill level 5 in Long Blades
  2261 | Sewer    | Reached XP level 6. HP: 51/55 MP: 5/5
  2295 | Sewer    | Reached skill level 5 in Shields
  2572 | Sewer    | Reached skill level 5 in Fighting
  2930 | D:4      | Noticed Robin
  2938 | D:4      | Reached XP level 7. HP: 52/61 MP: 6/6
  3018 | D:3      | Reached skill level 6 in Long Blades
  3144 | D:3      | Reached skill level 5 in Armour
  3421 | D:4      | Killed Robin
  3582 | D:4      | Found an opulent altar of Gozag.
  3584 | D:4      | Found Gozag's Platinum Reserve.
  3650 | D:4      | Found a staircase to the Ecumenical Temple.
  3668 | Temple   | Entered the Ecumenical Temple
  4369 | D:5      | Reached skill level 7 in Long Blades
  4449 | D:5      | Found a shimmering altar of Xom.
  4644 | D:5      | Reached XP level 8. HP: 69/69 MP: 7/7
  4690 | D:5      | Found a burning altar of Makhleb.
  4690 | D:5      | Found a bloodstained altar of Trog.
  4691 | D:5      | Found a white marble altar of Elyvilon.
  4693 | D:5      | Found a sacrificial altar of Ru.
  4693 | D:5      | Found an iron altar of Okawaru.
  4742 | D:5      | Became a worshipper of Warmaster Okawaru
  5249 | D:6      | Noticed loom's ghost (novice GrEE)
  5259 | D:6      | Killed loom's ghost
  5259 | D:6      | Reached * piety under Okawaru
  5259 | D:6      | Reached skill level 8 in Long Blades
  5259 | D:6      | Reached skill level 1 in Stealth
  5270 | D:6      | Found a hazy altar of Hepliaklqana.
  5304 | D:6      | Reached skill level 9 in Long Blades
  5418 | D:6      | Reached skill level 1 in Evocations
  5564 | D:6      | Found a shimmering altar of Xom.
  6088 | D:7      | HP: 1/71 [killer bee (3)]
  6089 | D:7      | Slain by a hound

Skill      XL: |  1  2  3  4  5  6  7  8 |
---------------+-------------------------+-----
Fighting       | 4 5 6 |  6.4
Long Blades    | 3 4 5 7 9 |  9.3
Armour         | 4 5 6 |  6.6
Shields        | 4 5 6 7 |  7.4
Dodging        | 1 |  1.4
Stealth        | 1 |  1.2
Evocations     | 1 |  1.0

Action                   |  1- 3 |  4- 6 |  7- 9 || total
-------------------------+-------+-------+-------++-------
Melee: Long sword        |    84 |   235 |   187 ||   506
       Headbutt          |    18 |    35 |    32 ||    85
Evoke: Wand              |       |       |     2 ||     2
  Use: Potion            |       |     1 |     3 ||     4
       Scroll            |       |       |    10 ||    10
  Eat: Chunk             |       |     7 |    10 ||    17
       Fruit             |       |       |     1 ||     1
Armor: Scale mail        |    21 |       |       ||    21
       Chain mail        |    24 |   160 |    99 ||   283
Dodge: Dodged            |    21 |    77 |    58 ||   156
Block: Shield            |    43 |   149 |   118 ||   310
       Rpst.: Long sword |     3 |    21 |    14 ||    38
